 Dungeon Sprint DCSS version 0.32-a0-643-ga006e7742e (webtiles) character file.

Game seed: 17192057476975817390

1371 fingers the Skirmisher (level 8, -9/67 HPs)
             Began as a Coglin Hunter on Mar 7, 2024.
             Was a Believer of Jiyva.
             Mangled by a cane toad (14 damage)
             ... in the Dungeon (Sprint V: "Ziggurat Sprint").
             The game lasted 00:04:59 (442 turns).

fingers the Skirmisher (Coglin Hunter)               Turns: 442, Time: 00:04:59

Health: -9/67      AC: 28    Str: 11    XL:     8   Next: 65%
Magic:  8/8        EV:  4    Int:  8    God:    Jiyva [**....]
Gold:   0          SH:  0    Dex: 21    Spells: 7/7 levels left

rFire   . . .        v - +5 hand cannon {Simosihle}
rCold   . . .        w - +5 sling {Svenja}
rNeg    . . .        n - +15 Maxwell's patent armour {-Cast -Tele rElec Will+ rCorr}
rPois   .            (no helmet)
rElec   +            (no cloak)
rCorr   +            (no gloves)
SInv    .            (no boots)
Will    +....        (amulet unavailable) Stlth
                     (ring unavailable)
HPRegen 1.27/turn    (ring unavailable)
MPRegen 0.59/turn    (no gizmo)

%: no teleportation, no spellcasting
@: lethally poisoned (-9 -> -16), revved
A: off-hand wielding, slow wielding, warmup strikes, no jewellery
a: Invent Gizmo, Renounce Religion


You were in the Dungeon.
You worshipped Jiyva.
Jiyva was pleased with you.
You visited 1 branch

Inventory:

Hand Weapons
 a - a +2 sling {Doyun}
 d - a +0 sling {Suchat}
 v - a +5 hand cannon (weapon) {Simosihle}
 w - a +5 sling (offhand) {Svenja}
Armour
 c - a +0 leather armour
 n - the +15 Maxwell's patent armour (worn) {-Cast -Tele rElec Will+ rCorr}
   (You found it in the Dungeon)

   rElec:     It insulates you from electricity.
   Will+:     It increases your willpower.
   -Cast:     It prevents spellcasting.
   -Tele:     It prevents most forms of teleportation.
   rCorr:     It protects you from acid and corrosion.
 x - the +18 shield of the Gong {Loud rN+ Will+ rCorr EV-5}
   (You found it in the Dungeon)

   Loud:      It is deafeningly noisy when blocking attacks.
   EV-5:      It affects your evasion (-5).
   rN+:       It protects you from negative energy.
   Will+:     It increases your willpower.
   rCorr:     It protects you from acid and corrosion.
Wands
 t - a wand of mindburst (7)
 u - a wand of acid (7)
 z - a wand of warping (8)
Scrolls
 b - a scroll of butterflies
 j - 4 scrolls of blinking
 p - 4 scrolls of amnesia
 q - 7 scrolls of fog
 r - 5 scrolls of identify
 s - 2 scrolls of fear
Potions
 e - 10 potions of curing
 f - 12 potions of heal wounds
 g - 6 potions of haste
 h - 7 potions of magic
 i - 3 potions of berserk rage
 k - 2 potions of brilliance
 l - 2 potions of invisibility
 m - 4 potions of resistance
 o - 5 potions of might
Miscellaneous
 y - a lightning rod (4/4)


   Skills:
 + Level 7.5 Fighting
 + Level 14.0 Ranged Weapons
 * Level 8.4 Armour
 - Level 1.7 Dodging
 - Level 0.7 Stealth


You had 7 spell levels left.
You didn't know any spells.
Your spell library contained the following spells:

 Spells                   Type           Power      Damage    Failure   Level
 Magic Dart               Conj           0%         1d3       100%        1
 Call Imp                 Summ           0%         N/A       100%        2
 Jinxbite                 Hex            0%         N/A       100%        2
 Lesser Beckoning         Tloc           0%         N/A       100%        2
 Searing Ray              Conj           0%         2d4       100%        2
 Gell's Gravitas          Tloc           0%         N/A       100%        3
 Teleport Other           Tloc           0%         N/A       100%        3
 Dispel Undead            Necr           0%         3d6       100%        4
 Fulminant Prism          Conj/Alch      0%         3d5       100%        4
 Curse of Agony           Necr           0%         N/A       100%        5
 Yara's Violent Unravell  Hex/Alch       0%         3d3       100%        5
 Enfeeble                 Hex            0%         N/A       100%        7
 Monstrous Menagerie      Summ           0%         N/A       100%        7


Dungeon Overview and Level Annotations

Branches:
Dungeon (1/1)

Altars:
Ashenzari
Cheibriados
Dithmenos
Elyvilon
Fedhas
Gozag
Hepliaklqana
Kikubaaqudgha
Makhleb
Nemelex Xobeh
Okawaru
Qazlal
Ru
Sif Muna
Trog
Uskayaw
Vehumet
Wu Jian
Xom
Yredelemnul
Zin
The Shining One
Beogh
Jiyva
Lugonu

Annotations:
D 1 transporter


Innate Abilities, Weirdness & Mutations

You can wield a second weapon in your off-hand.
It takes a long time for you to wield or remove held weapons.
Your first few attacks do less damage.
You cannot equip rings or amulets.


Message History

The sling bullet hits the cane toad but does no damage.
The cane toad is heavily wounded.
You shoot a slug. The slug hits the cane toad!!
You kill the cane toad!
You feel very sick. The bullfrog completely misses you.
The bullfrog hits you but does no damage.
The yak gores you but does no damage. The boulder beetle bites you.
The bullfrog barely misses you.
Your lightning rod (4/4) has regained one charge.
Your Fighting skill increases to level 7!
Your Ranged Weapons skill increases to level 14!
You shoot a slug.
The slug hits the cane toad but does no damage.
You shoot a sling bullet.
The sling bullet completely misses the cane toad.
The sling bullet hits the river rat.
The river rat is severely wounded.
You feel very sick. The bullfrog hits you. The cane toad stings you!
You are more poisoned.
The cane toad poisons you!
The boulder beetle bites you but does no damage.
The yak gores you.
* * * LOW HITPOINT WARNING * * *
The bullfrog hits you but does no damage.
The cane toad stings you.
* * * LOW HITPOINT WARNING * * *
The boulder beetle bites you but does no damage.
The yak gores you but does no damage.
You shoot a slug. The slug hits the cane toad!
The cane toad is moderately wounded.
You shoot a sling bullet. The sling bullet hits the cane toad!
The cane toad is heavily wounded.
* * * LOW HITPOINT WARNING * * *
You feel extremely sick.
The bullfrog hits you but does no damage.
The cane toad stings you!
You die...
Jiyva sends a jelly to digest your remains.

▓▓▓▓▓▓▓▓▓▓▓▓▓▓▓▓▓▓▓
▓..ß©ß..▓ ▓..:%[..▓
▓..)[|..▓ ▓.......▓
▓.......▓ ▓...r...▓
▓..FFB..▓ ▓.▓Y@.▓.▓
▓..○©...▓ ▓▓▓▓▓▓▓▓▓


You could see a boulder beetle, a yak, a cane toad, a bullfrog and a river rat.

Vanquished Creatures
  A large abomination (D)
  A cane toad (D)
  A yak (D)
  A steam dragon (D)
  A swamp drake (D)
  A hell hound (D)
  A bullfrog (D)
  A crimson imp (D)
  A quasit (D)
  3 orc priests (D)
  2 river rats (D)
  A white imp (D)
  An orc (D)
  A bat skeleton (D)
  A jackal (D)
  A quokka zombie (D)
19 creatures vanquished.

Vanquished Creatures (others)
  Dissolution (D)
  5 jellies (D)
6 creatures vanquished.

Grand Total: 25 creatures vanquished

Notes
Turn   | Place    | Note
-------+----------+-------------------------------------------
     0 | D        | fingers the Coglin Hunter began the quest for the Orb.
     0 | D        | Reached XP level 1. HP: 16/16 MP: 1/1
     1 | D        | Found a blossoming altar of Fedhas.
     1 | D        | Found the +6 Majin-Bo {spellvamp, MP+6 Int+6}
     1 | D        | Found the +27 heavy crossbow "Sniper" {heavy, Acc+∞ SInv}
     1 | D        | Found the +10 dark maul {heavy}
     1 | D        | Found the +15 Maxwell's patent armour {-Cast -Tele rElec
                  | Will+ rCorr}
     1 | D        | Found the +18 shield of the Gong {Loud rN+ Will+ rCorr
                  | EV-5}
     1 | D        | Found the +16 obsidian axe {drain, demonic, Mesm ^Drain Fly
                  | SInv}
     1 | D        | Found the +7 great mace "Firestarter" {flame, immolate,
                  | rFlCloud rF++}
     1 | D        | Found the +6 shillelagh "Devastator" {shatter}
     1 | D        | Found the +11 plutonium sword {^Contam Stlth-}
     1 | D        | Found the +8 lance "Wyrmbane" {slay drac, rPois rF+ rC+
                  | AC+3}
     1 | D        | Found the +9 sword of Zonguldrok {reap}
     1 | D        | Found the +13 scythe of Curses {drain, curses, ^Drain}
     1 | D        | Found the +9 sword of Power {lifebolt}
     1 | D        | Found the +7 mace of Variability {chaos, chaos arc}
     1 | D        | Found the +11 Singing Sword {sonic wave}
     1 | D        | Found the +8 storm bow {elec, penet}
     5 | D        | Found a shimmering blue altar of Sif Muna.
     5 | D        | Found a sacrificial altar of Ru.
     5 | D        | Found a bloodstained altar of Trog.
     5 | D        | Found a stormy altar of Qazlal.
     5 | D        | Found an iron altar of Okawaru.
     5 | D        | Found a sparkling altar of Nemelex Xobeh.
     7 | D        | Found a transporter.
     7 | D        | Found an ancient bone altar of Kikubaaqudgha.
     7 | D        | Found a viscous altar of Jiyva.
     7 | D        | Found a corrupted altar of Lugonu.
     7 | D        | Found a hazy altar of Hepliaklqana.
     7 | D        | Found a burning altar of Makhleb.
     7 | D        | Found an opulent altar of Gozag.
    51 | D        | Reached skill level 5 in Ranged Weapons
    51 | D        | Reached XP level 2. HP: 25/25 MP: 2/2
   142 | D        | Became a worshipper of Jiyva Joezats the Shapeless
   144 | D        | Killed Dissolution
   147 | D        | Entered arena 2.
   147 | D        | Noticed a steam dragon
   147 | D        | Noticed a swamp drake
   147 | D        | Found a transporter.
   154 | D        | Killed a steam dragon
   155 | D        | Reached skill level 8 in Ranged Weapons
   155 | D        | Reached skill level 5 in Armour
   155 | D        | Reached XP level 3. HP: 21/31 MP: 3/3
   155 | D        | Reached XP level 4. HP: 26/38 MP: 4/4
   155 | D        | Reached XP level 5. HP: 29/43 MP: 5/5
   158 | D        | Killed a swamp drake
   159 | D        | Reached skill level 5 in Fighting
   159 | D        | Reached skill level 9 in Ranged Weapons
   159 | D        | Reached XP level 6. HP: 34/51 MP: 6/6
   228 | D        | Entered arena 3.
   228 | D        | Noticed a large abomination
   228 | D        | Found a transporter.
   232 | D        | Reached skill level 10 in Ranged Weapons
   235 | D        | Killed a large abomination
   236 | D        | Reached skill level 12 in Ranged Weapons
   236 | D        | Reached XP level 7. HP: 29/57 MP: 7/7
   337 | D        | Got the Codex of the Concerted End
   339 | D        | Entered arena 4.
   339 | D        | Reached * piety under Jiyva
   339 | D        | Found a transporter.
   395 | D        | Entered arena 5.
   395 | D        | Found a transporter.
   403 | D        | Reached XP level 8. HP: 65/65 MP: 8/8
   412 | D        | Entered arena 6.
   412 | D        | Noticed a yak
   412 | D        | Found a transporter.
   416 | D        | Reached skill level 13 in Ranged Weapons
   419 | D        | Killed a yak
   435 | D        | Entered arena 7.
   435 | D        | Noticed a cane toad
   435 | D        | Noticed a yak
   435 | D        | Noticed a boulder beetle
   435 | D        | Noticed a cane toad
   435 | D        | Reached ** piety under Jiyva
   438 | D        | Found a transporter.
   440 | D        | Killed a cane toad
   441 | D        | Reached skill level 14 in Ranged Weapons
   442 | D        | Mangled by a cane toad

Illustrated notes

Levels and vault maps discovered:
D:        sprint_v [room_start, room_1, room_2, room_3, room_4, room_5, room_6,
          room_7, room_8, room_9, room_10, room_11, room_12, room_13, room_14,
          room_15, room_16, room_17, room_18, room_19, room_20, room_21,
          room_22, room_23, room_24, room_25, room_26, room_27]

Skill      XL: |  1  2  3  4  5  6  7  8 |
---------------+-------------------------+-----
Fighting       | 3 4 5 6 7 |  7.5
Ranged Weapons | 5 8 9 12 14 | 14.0
Armour         | 4 5 7 8 |  8.4
Dodging        | |  1.7
Stealth        | |  0.7

Action                     |  1- 3 |  4- 6 |  7- 9 || total
---------------------------+-------+-------+-------++-------
   Fire: Sling             |     4 |    10 |    29 ||    43
         Hand cannon       |     4 |    10 |    29 ||    43
  Evoke: Lightning rod     |       |       |     1 ||     1
    Use: Potion            |     3 |       |       ||     3
 Armour: Plate armour      |    22 |    26 |   105 ||   153
  Dodge: Dodged            |     4 |     5 |    18 ||    27

Table legend: (Time is in decaauts)
 A = Elapsed time spent in this place.
 B = Non-inter-level travel time spent in this place.
 C = Inter-level travel time spent in this place.
 D = Time resting spent in this place.
 E = Time spent auto-exploring this place.
 F = Levels seen in this place.
 G = Mean time per level.
                   A        B        C        D        E       F      G
               +--------+--------+--------+--------+--------+-----+--------+
         Total |    478 |    478 |      0 |      0 |    197 |   1 |  478.0 |
       Dungeon |    478 |    478 |      0 |      0 |    197 |   1 |  478.0 |
               +--------+--------+--------+--------+--------+-----+--------+

Top non-repeatable levels by time:
       D: 478 daAuts
